WCHLSIM.com - West Coast Hockey League
html PUBLIC "-//W3C//DTD XHTML 1.0 Transitional//EN" "http://www.w3.org/TR/xhtml1/DTD/xhtml1-transitional.dtd"> WCHL - Game 610 - KELOWNA ROCKETS vs NORTH DAKOTA HAWKS

KELOWNA ROCKETS vs NORTH DAKOTA HAWKS

Created - 7 janvier 2024 at 21:18

Goals
1 2 3 T
KELOWNA ROCKETS 2 0 2 4
NORTH DAKOTA HAWKS 2 0 1 3
Shots
1 2 3 T
KELOWNA ROCKETS 11 7 7 25
NORTH DAKOTA HAWKS 12 6 15 33

1st period

1. KELOWNA ROCKETS , Calle Jarnkrok 8 (J.T. Compher 25, Vladimir Tarasenko 19) at 0:35
2. KELOWNA ROCKETS , Auston Matthews 23 (Dmitri Orlov 12, Valeri Nichushkin 11) at 15:09
3. NORTH DAKOTA HAWKS , Jack Hughes 12 (Jason Robertson 25) at 18:40 (PP)
4. NORTH DAKOTA HAWKS , Jack Hughes 13 (Jason Robertson 26, Nick Blankenburg 3) at 19:19

Penalties :
Anthony DeAngelo (KEL) for Charging (Minor) at 18:03

2nd period

No Goal

Penalties :
Jake DeBrusk (NDH) for Tripping (Minor) at 0:55, Kyle Burroughs (KEL) for Tripping (Minor) at 0:55

3rd period

5. NORTH DAKOTA HAWKS , Jason Robertson 11 (Jack Hughes 20, Frederick Gaudreau 18) at 2:14 (PP)
6. KELOWNA ROCKETS , Adam Fox 5 (Auston Matthews 19) at 2:33 (PP)
7. KELOWNA ROCKETS , J.T. Compher 19 (Adam Fox 33, Vladimir Tarasenko 20) at 15:47

Penalties :
Alex Stalock (KEL) for Slashing (Minor) at 1:09 - Anthony DeAngelo served the penalty., Erik Johnson (NDH) for Hooking (Minor) at 2:31, Dmitri Orlov (KEL) for Slashing (Minor) at 6:56, Nick Blankenburg (NDH) for Roughing (Minor) at 17:45

Goalie Stats

Alex Stalock (KEL), 27 saves from 30 shots - (0,900), 48:50 minutes
Craig Anderson (KEL), 3 saves from 3 shots - (1,000), W, 6-3-1, 11:10 minutes
Linus Ullmark (NDH), 7 saves from 9 shots - (0,778), 15:09 minutes
Scott Wedgewood (NDH), 14 saves from 16 shots - (0,875), L, 5-3-2, 44:36 minutes

Players Stats for KELOWNA ROCKETS

Player Name              G  A  P  +/- PIM S  H  SB GA TA FO     MP     PP MP  PK MP  
------------------------------------------------------------------------------------
Adam Fox                 1  1  2   1  0   1  0  0  0  0  0/0    22:52   0:46   1:35 
Anthony DeAngelo         0  0  0   1  2   0  1  1  0  0  0/0    20:55   1:15   0:56 
Auston Matthews          1  1  2   1  0   4  4  0  0  0  11/22  19:07   1:27   0:03 
Calle Jarnkrok           1  0  1   2  0   1  0  0  0  0  0/0    17:50   0:34   0:10 
Carson Meyer             0  0  0  -1  0   0  0  0  0  0  0/0     4:57   0:12   0:00 
Derek Ryan               0  0  0   0  0   0  0  1  0  0  6/12   13:56   0:00   0:00 
Dmitri Orlov             0  1  1   1  2   1  1  1  0  0  0/0    22:26   0:46   1:10 
Erik Brannstrom          0  0  0   0  0   0  0  1  0  0  0/0    15:51   0:39   0:10 
J.T. Compher             1  1  2   2  0   7  0  0  0  0  24/36  22:12   0:34   3:23 
Kyle Burroughs           0  0  0   0  2   0  4  1  0  0  0/0    17:09   0:00   2:08 
Lukas Sedlak             0  0  0  -1  0   0  0  0  0  0  0/0     4:45   0:00   0:00 
Mark Giordano            0  0  0   1  0   0  0  1  0  0  0/0    20:44   0:36   1:23 
Noah Gregor              0  0  0  -1  0   1  1  0  0  0  1/4     4:45   0:00   0:00 
Parker Kelly             0  0  0   0  0   1  3  0  0  0  1/1    13:56   0:00   0:00 
Pavel Buchnevich         0  0  0   1  0   4  0  0  0  0  1/1    18:41   1:27   0:03 
Pavel Dorofeyev          0  0  0   0  0   0  0  0  0  0  0/2    13:56   0:00   0:00 
Valeri Nichushkin        0  1  1   1  0   3  1  1  0  0  0/0    20:26   0:34   3:20 
Vladimir Tarasenko       0  2  2   2  0   2  0  0  0  0  0/1    19:49   1:15   0:23 

Players Stats for NORTH DAKOTA HAWKS

Player Name              G  A  P  +/- PIM S  H  SB GA TA FO     MP     PP MP  PK MP  
------------------------------------------------------------------------------------
Ben Hutton               0  0  0   1  0   0  0  0  0  0  0/0    14:21   0:00   0:00 
Dillon Dube              0  0  0  -1  0   2  0  0  0  0  1/1    14:47   2:23   0:46 
Emil Bemstrom            0  0  0  -1  0   0  3  0  0  0  0/2    12:44   0:00   0:00 
Erik Johnson             0  0  0  -1  2   0  3  1  0  0  0/0    19:44   0:00   0:51 
Frederick Gaudreau       0  1  1  -1  0   2  0  1  0  0  8/18   13:42   1:18   0:46 
Garnet Hathaway          0  0  0   0  0   1  0  0  0  0  0/0     9:51   0:00   1:15 
Jack Hughes              2  1  3   1  0   5  0  0  0  0  4/13   17:45   1:18   0:00 
Jake DeBrusk             0  0  0  -2  2   3  2  0  0  0  0/1    18:53   2:23   0:00 
Jason Robertson          1  2  3   1  0   5  0  2  0  0  0/0    17:45   1:18   0:00 
Jonas Siegenthaler       0  0  0  -2  0   2  1  1  0  0  0/0    24:36   2:23   1:10 
Mathew Dumba             0  0  0  -2  0   0  0  2  0  0  0/0    22:13   0:00   1:10 
Nathan Walker            0  0  0   0  0   0  1  0  0  0  0/0     8:36   0:00   0:00 
Nick Blankenburg         0  1  1   1  2   0  2  0  0  0  0/0    14:20   0:00   0:00 
Nick Suzuki              0  0  0  -2  0   5  0  0  0  0  13/24  20:00   2:23   0:00 
Nico Sturm               0  0  0   0  0   1  0  0  0  0  9/17    9:51   0:00   1:15 
Reyley Smith             0  0  0  -2  0   2  2  0  0  0  0/1    18:54   2:23   0:00 
Ryan Hartman             0  0  0   1  0   1  1  0  0  0  0/2    16:52   1:18   0:00 
Ryan Lindgren            0  0  0  -1  0   4  2  3  0  0  0/0    21:03   1:18   0:51 

3 Stars

1 - Jack Hughes (NDH)
2 - Auston Matthews (KEL)
3 - Jason Robertson (NDH)

Power Play

KELOWNA ROCKETS - 1 on 2 Attempt(s) - 50,00%
NORTH DAKOTA HAWKS - 2 on 3 Attempt(s) - 66,67%

Penalty Kill

KELOWNA ROCKETS - 1 on 3 Attempt(s) - 33,33% - Score 0 goal in Penalty Kill
NORTH DAKOTA HAWKS - 1 on 2 Attempt(s) - 50,00% - Score 0 goal in Penalty Kill

Team Stat

KELOWNA ROCKETS - Hits : 15 - Faceoff Wins : 44 - Blocked Shots : 7 - Penalty Minutes : 8
NORTH DAKOTA HAWKS - Hits : 17 - Faceoff Wins : 35 - Blocked Shots : 10 - Penalty Minutes : 6

Official

Referees : Brian Pochmara and Michael Markovic
Linesman : Matt Brady and Brian Murphy

Game Notes

Scott Wedgewood enters game at 15:09 of 1st period
Alex Stalock is injured at 8:50 of 3rd period (Sprained Left Knee)
Craig Anderson enters game at 8:50 of 3rd period

Finance

Level 1 -- Attendance: 5858 (97,63%) -- Ticket Income 937 280 $
Level 2 -- Attendance: 5000 (100,00%) -- Ticket Income 550 000 $
Level 3 -- Attendance: 2000 (100,00%) -- Ticket Income 180 000 $
Level 4 -- Attendance: 3924 (98,10%) -- Ticket Income 235 440 $
Luxury Box -- Attendance: 910 (91,00%) -- Ticket Income 268 450 $
Total Attendance: 17692 (98,29%)
Total Ticket Income: 2 171 170 $
Other Expense: 21 712 $
Total Income: 2 149 458 $

KELOWNA ROCKETS

5 vs 5 Forward 
   Center                   Left Wing                Right Wing               Time % Phy DF OF 
 1 Auston Matthews          Pavel Buchnevich         Valeri Nichushkin        36     0   2  3  
 2 J.T. Compher             Calle Jarnkrok           Vladimir Tarasenko       36     0   2  3  
 3 Derek Ryan               Parker Kelly             Pavel Dorofeyev          28     0   4  1  
 4 Noah Gregor              Lukas Sedlak             Carson Meyer             0      0   3  2  

5 vs 5 Defense 
   Defense                  Defense                                           Time % Phy DF OF 
 1 Adam Fox                 Dmitri Orlov                                      37     0   4  1  
 2 Mark Giordano            Anthony DeAngelo                                  35     0   4  1  
 3 Erik Brannstrom          Kyle Burroughs                                    28     0   4  1  
 4 Dmitri Orlov             Mark Giordano                                     0      0   3  2  

PowerPlay Forward 
   Center                   Left Wing                Right Wing               Time % Phy DF OF 
 1 Auston Matthews          Pavel Buchnevich         Vladimir Tarasenko       60     0   0  5  
 2 J.T. Compher             Calle Jarnkrok           Valeri Nichushkin        40     0   0  5  

PowerPlay Defense
   Defense                  Defense                                           Time % Phy DF OF 
 1 Adam Fox                 Dmitri Orlov                                      65     0   1  4  
 2 Anthony DeAngelo         Erik Brannstrom                                   35     0   1  4  

Penalty Kill 4 Players Forward 
   Center                   Wing                     Time % Phy DF OF 
 1 J.T. Compher             Valeri Nichushkin        65     0   5  0  
 2 Auston Matthews          Pavel Buchnevich         35     0   5  0  

Penalty Kill 4 Players Defense
   Defense                  Defense                  Time % Phy DF OF 
 1 Adam Fox                 Mark Giordano            55     0   5  0  
 2 Dmitri Orlov             Anthony DeAngelo         45     0   5  0  

Penalty Kill - 3 Players Forward 
   Forward                                           Time % Phy DF OF 
 1 J.T. Compher                                      60     0   5  0  
 2 Auston Matthews                                   40     0   5  0  

Penalty Kill - 3 Players Defense
   Defense                  Defense                  Time % Phy DF OF 
 1 Adam Fox                 Mark Giordano            55     0   5  0  
 2 Dmitri Orlov             Anthony DeAngelo         45     0   5  0  

4 vs 4 Forward 
   Center                   Wing                     Time % Phy DF OF 
 1 Auston Matthews          Vladimir Tarasenko       55     0   1  4  
 2 J.T. Compher             Pavel Buchnevich         45     0   1  4  

4 vs 4 Defense
   Defense                  Defense                  Time % Phy DF OF 
 1 Adam Fox                 Dmitri Orlov             55     0   2  3  
 2 Mark Giordano            Anthony DeAngelo         45     0   2  3  

Last Minutes Offensive
   Center                   Left Wing                Right Wing               Defense                  Defense                  
   Auston Matthews          Pavel Buchnevich         Valeri Nichushkin        Adam Fox                 Dmitri Orlov             

Last Minutes Defensive
   Center                   Left Wing                Right Wing               Defense                  Defense                  
   Auston Matthews          J.T. Compher             Valeri Nichushkin        Adam Fox                 Dmitri Orlov             

Goaltenders
Starting : Alex Stalock             
Backup : Craig Anderson           

Extra Forwards
Normal : Auston Matthews, Pavel Buchnevich, Vladimir Tarasenko - PP : Pavel Dorofeyev, Parker Kelly - PK : Vladimir Tarasenko
Extra Defensemen
Normal : Anthony DeAngelo, Dmitri Orlov, Mark Giordano - PP : Mark Giordano - PK : Kyle Burroughs, Erik Brannstrom
Penalty Shots
Auston Matthews, Vladimir Tarasenko, Pavel Buchnevich, Valeri Nichushkin, J.T. Compher
Custom OT Lines Forwards
Auston Matthews, Pavel Buchnevich, J.T. Compher, Valeri Nichushkin, Calle Jarnkrok, Vladimir Tarasenko, Derek Ryan, Pavel Dorofeyev, Noah Gregor, Parker Kelly
Custom OT Lines Defensemen
Adam Fox, Mark Giordano, Dmitri Orlov, Anthony DeAngelo, Kyle Burroughs

Scratches
Tyler Bertuzzi (Broken Bone (Right Ankle) Injury), Pavel Francouz (Healthy)

NORTH DAKOTA HAWKS

5 vs 5 Forward 
   Center                   Left Wing                Right Wing               Time % Phy DF OF 
 1 Jack Hughes              Jason Robertson          Ryan Hartman             31     0   2  3  
 2 Nick Suzuki              Jake DeBrusk             Reyley Smith             31     0   2  3  
 3 Frederick Gaudreau       Dillon Dube              Emil Bemstrom            23     0   4  1  
 4 Nico Sturm               Nathan Walker            Garnet Hathaway          15     0   5  0  

5 vs 5 Defense 
   Defense                  Defense                                           Time % Phy DF OF 
 1 Jonas Siegenthaler       Mathew Dumba                                      40     0   4  1  
 2 Ryan Lindgren            Erik Johnson                                      38     0   5  0  
 3 Ben Hutton               Nick Blankenburg                                  12     0   5  0  
 4 Ben Hutton               Nick Blankenburg                                  10     0   5  0  

PowerPlay Forward 
   Center                   Left Wing                Right Wing               Time % Phy DF OF 
 1 Nick Suzuki              Jake DeBrusk             Reyley Smith             65     1   0  4  
 2 Frederick Gaudreau       Jason Robertson          Ryan Hartman             35     1   0  4  

PowerPlay Defense
   Defense                  Defense                                           Time % Phy DF OF 
 1 Jonas Siegenthaler       Dillon Dube                                       65     0   0  5  
 2 Ryan Lindgren            Jack Hughes                                       35     0   0  5  

Penalty Kill 4 Players Forward 
   Center                   Wing                     Time % Phy DF OF 
 1 Nico Sturm               Garnet Hathaway          55     0   4  1  
 2 Frederick Gaudreau       Dillon Dube              45     0   4  1  

Penalty Kill 4 Players Defense
   Defense                  Defense                  Time % Phy DF OF 
 1 Jonas Siegenthaler       Mathew Dumba             55     0   5  0  
 2 Ryan Lindgren            Erik Johnson             45     0   5  0  

Penalty Kill - 3 Players Forward 
   Forward                                           Time % Phy DF OF 
 1 Nico Sturm                                        55     0   5  0  
 2 Frederick Gaudreau                                45     0   5  0  

Penalty Kill - 3 Players Defense
   Defense                  Defense                  Time % Phy DF OF 
 1 Jonas Siegenthaler       Mathew Dumba             55     0   5  0  
 2 Ryan Lindgren            Erik Johnson             45     0   5  0  

4 vs 4 Forward 
   Center                   Wing                     Time % Phy DF OF 
 1 Jack Hughes              Jason Robertson          55     0   1  4  
 2 Nick Suzuki              Jake DeBrusk             45     0   1  4  

4 vs 4 Defense
   Defense                  Defense                  Time % Phy DF OF 
 1 Jonas Siegenthaler       Mathew Dumba             55     0   1  4  
 2 Ryan Lindgren            Erik Johnson             45     0   4  1  

Last Minutes Offensive
   Center                   Left Wing                Right Wing               Defense                  Defense                  
   Nick Suzuki              Jake DeBrusk             Reyley Smith             Jonas Siegenthaler       Mathew Dumba             

Last Minutes Defensive
   Center                   Left Wing                Right Wing               Defense                  Defense                  
   Nick Suzuki              Jake DeBrusk             Reyley Smith             Jonas Siegenthaler       Mathew Dumba             

Goaltenders
Starting : Linus Ullmark            
Backup : Scott Wedgewood          

Extra Forwards
Normal : Emil Bemstrom, Nico Sturm, Nathan Walker - PP : Emil Bemstrom, Nico Sturm - PK : Nick Suzuki
Extra Defensemen
Normal : Ben Hutton, Erik Johnson, Nick Blankenburg - PP : Nick Blankenburg - PK : Ben Hutton, Nick Blankenburg
Penalty Shots
Jack Hughes, Jason Robertson, Ryan Hartman, Nick Suzuki, Jake DeBrusk
Custom OT Lines Forwards
Jason Robertson, Nick Suzuki, Ryan Hartman, Jake DeBrusk, Reyley Smith, Frederick Gaudreau, Jack Hughes, Nico Sturm, Emil Bemstrom, Dillon Dube
Custom OT Lines Defensemen
Jonas Siegenthaler, Ryan Lindgren, Erik Johnson, Mathew Dumba, Ben Hutton

Scratches
Alex Belzile (Strained Right Knee Injury), Cale Makar (Healthy)

% Time on Ice - KELOWNA ROCKETS

Lines # - Real PCT - Wanted PCT - Time Play
Normal Forward
1 - 31% - 36% - 16:17
2 - 33% - 36% - 17:06
3 - 27% - 28% - 13:56
4 - 9% - 0% - 4:45
Normal Defense
1 - 37% - 37% - 19:22
2 - 34% - 35% - 17:40
3 - 29% - 28% - 15:02
4 - 0% - 0% - 0:00
PP Forward
1 - 72% - 60% - 1:27
2 - 28% - 40% - 0:34
PP Defense
1 - 38% - 65% - 0:46
2 - 62% - 35% - 1:15
PK Forward
1 - 99% - 65% - 3:38
2 - 1% - 35% - 0:03
PK Defense
1 - 43% - 55% - 1:35
2 - 57% - 45% - 2:06
PK3 Forward
1 - 0% - 60%
2 - 0% - 40%
PK3 Defense
1 - 0% - 55%
2 - 0% - 45%
44 Forward
1 - 55% - 55% - 1:05
2 - 45% - 45% - 0:54
44 Defense
1 - 45% - 55% - 0:54
2 - 55% - 45% - 1:05
Last Minute Offensive  - 0:00
Last Minute Defensive  - 0:15
Total
Forward - 60:00
Defense - 60:00

% Time on Ice - NORTH DAKOTA HAWKS

Lines # - Real PCT - Wanted PCT - Time Play
Normal Forward
1 - 30% - 31% - 15:34
2 - 31% - 31% - 16:16
3 - 22% - 23% - 11:38
4 - 17% - 15% - 8:36
Normal Defense
1 - 38% - 40% - 19:42
2 - 35% - 38% - 18:01
3 - 15% - 12% - 7:46
4 - 13% - 10% - 6:35
PP Forward
1 - 65% - 65% - 2:23
2 - 35% - 35% - 1:18
PP Defense
1 - 65% - 65% - 2:23
2 - 35% - 35% - 1:18
PK Forward
1 - 62% - 55% - 1:15
2 - 38% - 45% - 0:46
PK Defense
1 - 58% - 55% - 1:10
2 - 42% - 45% - 0:51
PK3 Forward
1 - 0% - 55%
2 - 0% - 45%
PK3 Defense
1 - 0% - 55%
2 - 0% - 45%
44 Forward
1 - 45% - 55% - 0:53
2 - 55% - 45% - 1:06
44 Defense
1 - 55% - 55% - 1:06
2 - 45% - 45% - 0:53
Last Minute Offensive  - 0:15
Last Minute Defensive  - 0:00
Total
Forward - 60:00
Defense - 60:00

Play-by-Play

1st period


0:01 of 1st period - Auston Matthews wins face-off versus Jack Hughes in neutral zone.
0:03 of 1st period - Off-side.
0:04 of 1st period - J.T. Compher wins face-off versus Nick Suzuki in neutral zone.
0:15 of 1st period - Shot by Vladimir Tarasenko.
0:15 of 1st period - Shot Blocked by Ryan Lindgren.
0:31 of 1st period - Shot by Vladimir Tarasenko.
0:31 of 1st period - Shot Misses the Net.
0:33 of 1st period - Shot by J.T. Compher.
0:33 of 1st period - Stopped by Linus Ullmark with a rebound.
0:35 of 1st period - Shot by Calle Jarnkrok.
0:35 of 1st period - Goal by Calle Jarnkrok - KELOWNA ROCKETS : 1 - NORTH DAKOTA HAWKS : 0.
0:36 of 1st period - Frederick Gaudreau wins face-off versus Pavel Dorofeyev in neutral zone.
2:13 of 1st period - Shot by Ryan Hartman.
2:13 of 1st period - Shot Misses the Net.
2:29 of 1st period - Shot by Jack Hughes.
2:29 of 1st period - Stopped by Alex Stalock with a rebound.
3:09 of 1st period - Icing by Mark Giordano.
3:10 of 1st period - Nick Suzuki wins face-off versus J.T. Compher in KELOWNA ROCKETS zone.
3:17 of 1st period - Shot by Reyley Smith.
3:17 of 1st period - Shot Misses the Net.
3:41 of 1st period - Shot by Jake DeBrusk.
3:41 of 1st period - Stopped by Alex Stalock with a rebound.
3:45 of 1st period - Shot by Nick Suzuki.
3:45 of 1st period - Stopped by Alex Stalock with a rebound.
3:47 of 1st period - Shot by Reyley Smith.
3:47 of 1st period - Stopped by Alex Stalock without a rebound.
3:48 of 1st period - Nico Sturm wins face-off versus Derek Ryan in KELOWNA ROCKETS zone.
3:51 of 1st period - Shot by Garnet Hathaway.
3:51 of 1st period - Stopped by Alex Stalock without a rebound.
3:52 of 1st period - Nico Sturm wins face-off versus Auston Matthews in KELOWNA ROCKETS zone.
4:03 of 1st period - Shot by Nico Sturm.
4:03 of 1st period - Stopped by Alex Stalock without a rebound.
4:04 of 1st period - Derek Ryan wins face-off versus Nick Suzuki in KELOWNA ROCKETS zone.
4:53 of 1st period - Jonas Siegenthaler is hit by Parker Kelly and loses puck.
5:01 of 1st period - Icing by Jonas Siegenthaler.
5:02 of 1st period - Nick Suzuki wins face-off versus Auston Matthews in NORTH DAKOTA HAWKS zone.
5:13 of 1st period - Shot by Pavel Buchnevich.
5:13 of 1st period - Stopped by Linus Ullmark with a rebound.
5:28 of 1st period - Shot by Valeri Nichushkin.
5:28 of 1st period - Stopped by Linus Ullmark without a rebound.
5:29 of 1st period - Nico Sturm wins face-off versus J.T. Compher in NORTH DAKOTA HAWKS zone.
5:34 of 1st period - Shot by Ryan Lindgren.
5:34 of 1st period - Stopped by Alex Stalock without a rebound.
5:35 of 1st period - J.T. Compher wins face-off versus Nico Sturm in KELOWNA ROCKETS zone.
5:42 of 1st period - Shot by J.T. Compher.
5:42 of 1st period - Shot Blocked by Ryan Lindgren.
6:45 of 1st period - Shot by Jack Hughes.
6:45 of 1st period - Shot Misses the Net.
6:47 of 1st period - Shot by Jack Hughes.
6:47 of 1st period - Stopped by Alex Stalock without a rebound.
6:48 of 1st period - Auston Matthews wins face-off versus Frederick Gaudreau in KELOWNA ROCKETS zone.
7:25 of 1st period - Shot by Frederick Gaudreau.
7:25 of 1st period - Shot Misses the Net.
7:27 of 1st period - Shot by Jonas Siegenthaler.
7:27 of 1st period - Shot Blocked by Dmitri Orlov.
8:09 of 1st period - Shot by Jack Hughes.
8:09 of 1st period - Shot Blocked by Erik Brannstrom.
8:28 of 1st period - Off-side.
8:29 of 1st period - Nico Sturm wins face-off versus Noah Gregor in neutral zone.
8:42 of 1st period - Icing by Ryan Lindgren.
8:43 of 1st period - Nico Sturm wins face-off versus J.T. Compher in NORTH DAKOTA HAWKS zone.
8:50 of 1st period - Shot by Ryan Lindgren.
8:50 of 1st period - Stopped by Alex Stalock with a rebound.
9:10 of 1st period - Shot by Nico Sturm.
9:10 of 1st period - Deflect By Garnet Hathaway.
9:10 of 1st period - Shot Blocked by Anthony DeAngelo.
9:20 of 1st period - Shot by Vladimir Tarasenko.
9:20 of 1st period - Shot Misses the Net.
9:22 of 1st period - Shot by J.T. Compher.
9:22 of 1st period - Stopped by Linus Ullmark without a rebound.
9:23 of 1st period - Auston Matthews wins face-off versus Jack Hughes in NORTH DAKOTA HAWKS zone.
10:25 of 1st period - Shot by Parker Kelly.
10:25 of 1st period - Stopped by Linus Ullmark without a rebound.
10:26 of 1st period - Nick Suzuki wins face-off versus J.T. Compher in NORTH DAKOTA HAWKS zone.
11:42 of 1st period - Reyley Smith is hit by Parker Kelly and loses puck.
12:20 of 1st period - Auston Matthews is hit by Erik Johnson and loses puck.
13:09 of 1st period - Shot by Noah Gregor.
13:09 of 1st period - Stopped by Linus Ullmark without a rebound.
13:10 of 1st period - J.T. Compher wins face-off versus Frederick Gaudreau in NORTH DAKOTA HAWKS zone.
13:10 of 1st period - J.T. Compher is hit by Jonas Siegenthaler.
13:52 of 1st period - Shot by J.T. Compher.
13:52 of 1st period - Stopped by Linus Ullmark with a rebound.
13:54 of 1st period - Shot by J.T. Compher.
13:54 of 1st period - Shot Misses the Net.
14:29 of 1st period - Icing by Jonas Siegenthaler.
14:30 of 1st period - Pavel Buchnevich wins face-off versus Frederick Gaudreau in NORTH DAKOTA HAWKS zone.
15:05 of 1st period - Shot by Valeri Nichushkin.
15:05 of 1st period - Shot Blocked by Frederick Gaudreau.
15:09 of 1st period - Shot by Auston Matthews.
15:09 of 1st period - The goal is going for a video replay.
15:09 of 1st period - The goal is good.
15:09 of 1st period - Goal by Auston Matthews - KELOWNA ROCKETS : 2 - NORTH DAKOTA HAWKS : 0.
15:09 of 1st period - Scott Wedgewood enters game.
15:10 of 1st period - Jack Hughes wins face-off versus J.T. Compher in neutral zone.
15:26 of 1st period - Shot by Vladimir Tarasenko.
15:26 of 1st period - Stopped by Scott Wedgewood without a rebound.
15:27 of 1st period - Derek Ryan wins face-off versus Nico Sturm in NORTH DAKOTA HAWKS zone.
15:57 of 1st period - Off-side.
15:58 of 1st period - Auston Matthews wins face-off versus Jack Hughes in neutral zone.
16:29 of 1st period - Shot by Valeri Nichushkin.
16:29 of 1st period - Shot Misses the Net.
16:31 of 1st period - Shot by Pavel Buchnevich.
16:31 of 1st period - Shot Blocked by Jason Robertson.
16:33 of 1st period - Shot by Auston Matthews.
16:33 of 1st period - Stopped by Scott Wedgewood without a rebound.
16:34 of 1st period - Nick Suzuki wins face-off versus J.T. Compher in NORTH DAKOTA HAWKS zone.
16:50 of 1st period - Off-side.
16:51 of 1st period - Nico Sturm wins face-off versus Pavel Dorofeyev in neutral zone.
17:02 of 1st period - Shot by Nico Sturm.
17:02 of 1st period - Deflect By Garnet Hathaway.
17:02 of 1st period - Shot Misses the Net.
17:39 of 1st period - Jason Robertson is hit by Anthony DeAngelo and loses puck.
18:03 of 1st period - Minor Penalty to Anthony DeAngelo for Charging.
18:04 of 1st period - J.T. Compher wins face-off versus Nick Suzuki in KELOWNA ROCKETS zone.
18:26 of 1st period - Shot by Nick Suzuki.
18:26 of 1st period - Shot Misses the Net.
18:28 of 1st period - Shot by Reyley Smith.
18:28 of 1st period - Shot Misses the Net.
18:30 of 1st period - Shot by Jonas Siegenthaler.
18:30 of 1st period - Stopped by Alex Stalock without a rebound.
18:31 of 1st period - J.T. Compher wins face-off versus Frederick Gaudreau in KELOWNA ROCKETS zone.
18:40 of 1st period - Shot by Jack Hughes.
18:40 of 1st period - Goal by Jack Hughes - KELOWNA ROCKETS : 2 - NORTH DAKOTA HAWKS : 1.
18:41 of 1st period - Jack Hughes wins face-off versus Noah Gregor in neutral zone.
19:19 of 1st period - Shot by Jack Hughes.
19:19 of 1st period - Goal by Jack Hughes - KELOWNA ROCKETS : 2 - NORTH DAKOTA HAWKS : 2.
19:20 of 1st period - J.T. Compher wins face-off versus Frederick Gaudreau in neutral zone.
Goals for this period are 2 for KELOWNA ROCKETS vs 2 for NORTH DAKOTA HAWKS.
Shots for this period are 11 for KELOWNA ROCKETS vs 12 for NORTH DAKOTA HAWKS.

2nd period


0:01 of 2nd period - Auston Matthews wins face-off versus Jack Hughes in neutral zone.
0:30 of 2nd period - Ryan Hartman is hit by Auston Matthews and loses puck.
0:37 of 2nd period - Shot by Pavel Buchnevich.
0:37 of 2nd period - Shot Misses the Net.
0:39 of 2nd period - Shot by Auston Matthews.
0:39 of 2nd period - Shot Misses the Net.
0:45 of 2nd period - Shot by Valeri Nichushkin.
0:45 of 2nd period - Shot Blocked by Mathew Dumba.
0:47 of 2nd period - Shot by Auston Matthews.
0:47 of 2nd period - Stopped by Scott Wedgewood without a rebound.
0:48 of 2nd period - Nick Suzuki wins face-off versus J.T. Compher in NORTH DAKOTA HAWKS zone.
0:48 of 2nd period - Nick Suzuki is hit by Kyle Burroughs.
0:55 of 2nd period - Minor Penalty to Jake DeBrusk for Tripping.
0:55 of 2nd period - Minor Penalty to Kyle Burroughs for Tripping.
0:56 of 2nd period - Auston Matthews wins face-off versus Jack Hughes in KELOWNA ROCKETS zone.
1:17 of 2nd period - Shot by Jason Robertson.
1:17 of 2nd period - Stopped by Alex Stalock without a rebound.
1:18 of 2nd period - J.T. Compher wins face-off versus Nick Suzuki in KELOWNA ROCKETS zone.
1:32 of 2nd period - Shot by J.T. Compher.
1:32 of 2nd period - Shot Misses the Net.
1:54 of 2nd period - J.T. Compher is hit by Emil Bemstrom and loses puck.
2:39 of 2nd period - Shot by Vladimir Tarasenko.
2:39 of 2nd period - Shot Blocked by Jason Robertson.
3:10 of 2nd period - Shot by Nico Sturm.
3:10 of 2nd period - Shot Misses the Net.
3:24 of 2nd period - Shot by Parker Kelly.
3:24 of 2nd period - Shot Misses the Net.
4:23 of 2nd period - Icing by Nick Blankenburg.
4:24 of 2nd period - J.T. Compher wins face-off versus Nico Sturm in NORTH DAKOTA HAWKS zone.
4:37 of 2nd period - Shot by J.T. Compher.
4:37 of 2nd period - Stopped by Scott Wedgewood without a rebound.
4:38 of 2nd period - Nick Suzuki wins face-off versus Auston Matthews in NORTH DAKOTA HAWKS zone.
5:11 of 2nd period - Valeri Nichushkin is hit by Erik Johnson and loses puck.
5:54 of 2nd period - Shot by Vladimir Tarasenko.
5:54 of 2nd period - Stopped by Scott Wedgewood with a rebound.
6:31 of 2nd period - Icing by Dmitri Orlov.
6:32 of 2nd period - Frederick Gaudreau wins face-off versus Derek Ryan in KELOWNA ROCKETS zone.
6:51 of 2nd period - Shot by Dillon Dube.
6:51 of 2nd period - Stopped by Alex Stalock without a rebound.
6:52 of 2nd period - Nick Suzuki wins face-off versus Auston Matthews in KELOWNA ROCKETS zone.
6:52 of 2nd period - Nick Suzuki is hit by Kyle Burroughs.
6:55 of 2nd period - Jake DeBrusk is hit by Kyle Burroughs and loses puck.
6:59 of 2nd period - Icing by Kyle Burroughs.
7:00 of 2nd period - Nick Suzuki wins face-off versus Auston Matthews in KELOWNA ROCKETS zone.
7:01 of 2nd period - Shot by Jake DeBrusk.
7:01 of 2nd period - Shot Misses the Net.
7:03 of 2nd period - Shot by Jonas Siegenthaler.
7:03 of 2nd period - Stopped by Alex Stalock without a rebound.
7:04 of 2nd period - Nick Suzuki wins face-off versus Auston Matthews in KELOWNA ROCKETS zone.
7:22 of 2nd period - Shot by Jake DeBrusk.
7:22 of 2nd period - Shot Misses the Net.
7:24 of 2nd period - Shot by Nick Blankenburg.
7:24 of 2nd period - Shot Misses the Net.
8:14 of 2nd period - Jonas Siegenthaler is hit by Auston Matthews and loses puck.
9:07 of 2nd period - Shot by Vladimir Tarasenko.
9:07 of 2nd period - Shot Misses the Net.
9:16 of 2nd period - Off-side.
9:17 of 2nd period - Derek Ryan wins face-off versus Nick Suzuki in neutral zone.
9:19 of 2nd period - Parker Kelly is hit by Nick Blankenburg.
9:29 of 2nd period - Pavel Dorofeyev is hit by Jake DeBrusk and loses puck.
10:52 of 2nd period - Shot by Jason Robertson.
10:52 of 2nd period - Stopped by Alex Stalock without a rebound.
10:53 of 2nd period - J.T. Compher wins face-off versus Frederick Gaudreau in KELOWNA ROCKETS zone.
10:53 of 2nd period - J.T. Compher is hit by Emil Bemstrom.
11:29 of 2nd period - Icing by Vladimir Tarasenko.
11:30 of 2nd period - J.T. Compher wins face-off versus Ryan Hartman in KELOWNA ROCKETS zone.
11:59 of 2nd period - Shot by Pavel Buchnevich.
11:59 of 2nd period - Stopped by Scott Wedgewood without a rebound.
12:00 of 2nd period - Nico Sturm wins face-off versus Auston Matthews in NORTH DAKOTA HAWKS zone.
12:00 of 2nd period - Nico Sturm is hit by Valeri Nichushkin.
12:16 of 2nd period - Shot by Pavel Buchnevich.
12:16 of 2nd period - Shot Blocked by Jonas Siegenthaler.
12:18 of 2nd period - Shot by Kyle Burroughs.
12:18 of 2nd period - Shot Misses the Net.
13:16 of 2nd period - Adam Fox is hit by Erik Johnson and loses puck.
13:32 of 2nd period - Icing by Erik Johnson.
13:33 of 2nd period - J.T. Compher wins face-off versus Jack Hughes in NORTH DAKOTA HAWKS zone.
13:33 of 2nd period - Anthony DeAngelo is hit by Ryan Lindgren and loses puck.
15:32 of 2nd period - Shot by Frederick Gaudreau.
15:32 of 2nd period - Deflect By Emil Bemstrom.
15:32 of 2nd period - Shot Misses the Net.
15:34 of 2nd period - Shot by Dillon Dube.
15:34 of 2nd period - Stopped by Alex Stalock without a rebound.
15:35 of 2nd period - Frederick Gaudreau wins face-off versus Noah Gregor in KELOWNA ROCKETS zone.
15:52 of 2nd period - Icing by Frederick Gaudreau.
15:53 of 2nd period - J.T. Compher wins face-off versus Emil Bemstrom in NORTH DAKOTA HAWKS zone.
16:20 of 2nd period - Vladimir Tarasenko is hit by Emil Bemstrom and loses puck.
16:35 of 2nd period - Shot by J.T. Compher.
16:35 of 2nd period - Shot Blocked by Mathew Dumba.
16:37 of 2nd period - Shot by Vladimir Tarasenko.
16:37 of 2nd period - Shot Misses the Net.
16:46 of 2nd period - Mathew Dumba is hit by Dmitri Orlov and loses puck.
16:57 of 2nd period - Frederick Gaudreau is hit by Auston Matthews and loses puck.
17:16 of 2nd period - Shot by Valeri Nichushkin.
17:16 of 2nd period - Shot Misses the Net.
17:26 of 2nd period - Shot by Pavel Buchnevich.
17:26 of 2nd period - Stopped by Scott Wedgewood without a rebound.
17:27 of 2nd period - Derek Ryan wins face-off versus Jack Hughes in NORTH DAKOTA HAWKS zone.
17:28 of 2nd period - Shot by Erik Brannstrom.
17:28 of 2nd period - Shot Misses the Net.
17:42 of 2nd period - Shot by Ryan Hartman.
17:42 of 2nd period - Stopped by Alex Stalock without a rebound.
17:43 of 2nd period - Noah Gregor wins face-off versus Nick Suzuki in KELOWNA ROCKETS zone.
18:22 of 2nd period - Nick Suzuki is hit by Noah Gregor and loses puck.
19:02 of 2nd period - Shot by J.T. Compher.
19:02 of 2nd period - Shot Misses the Net.
19:06 of 2nd period - Shot by J.T. Compher.
19:06 of 2nd period - Shot Blocked by Erik Johnson.
19:08 of 2nd period - Shot by Dmitri Orlov.
19:08 of 2nd period - Shot Blocked by Ryan Lindgren.
19:10 of 2nd period - Shot by Dmitri Orlov.
19:10 of 2nd period - Stopped by Scott Wedgewood without a rebound.
19:11 of 2nd period - Auston Matthews wins face-off versus Nico Sturm in NORTH DAKOTA HAWKS zone.
19:16 of 2nd period - Shot by Valeri Nichushkin.
19:16 of 2nd period - Stopped by Scott Wedgewood with a rebound.
19:41 of 2nd period - Garnet Hathaway is hit by Kyle Burroughs and loses puck.
Goals for this period are 0 for KELOWNA ROCKETS vs 0 for NORTH DAKOTA HAWKS.
Shots for this period are 7 for KELOWNA ROCKETS vs 6 for NORTH DAKOTA HAWKS.

3rd period


0:01 of 3rd period - J.T. Compher wins face-off versus Ryan Hartman in neutral zone.
0:29 of 3rd period - Shot by J.T. Compher.
0:29 of 3rd period - Stopped by Scott Wedgewood without a rebound.
0:30 of 3rd period - Parker Kelly wins face-off versus Nick Suzuki in NORTH DAKOTA HAWKS zone.
0:39 of 3rd period - Shot by Nick Suzuki.
0:39 of 3rd period - Shot Misses the Net.
0:41 of 3rd period - Shot by Reyley Smith.
0:41 of 3rd period - Shot Misses the Net.
0:43 of 3rd period - Shot by Mathew Dumba.
0:43 of 3rd period - Shot Misses the Net.
0:45 of 3rd period - Shot by Jake DeBrusk.
0:45 of 3rd period - Shot Misses the Net.
0:53 of 3rd period - Shot by Reyley Smith.
0:53 of 3rd period - Shot Misses the Net.
0:55 of 3rd period - Shot by Nick Suzuki.
0:55 of 3rd period - Stopped by Alex Stalock with a rebound.
1:09 of 3rd period - Shot by Jake DeBrusk.
1:09 of 3rd period - Stopped by Alex Stalock without a rebound.
1:09 of 3rd period - Minor Penalty to Alex Stalock for Slashing.
1:10 of 3rd period - J.T. Compher wins face-off versus Frederick Gaudreau in KELOWNA ROCKETS zone.
1:29 of 3rd period - Shot by Frederick Gaudreau.
1:29 of 3rd period - Stopped by Alex Stalock with a rebound.
1:31 of 3rd period - Shot by Ryan Lindgren.
1:31 of 3rd period - Stopped by Alex Stalock without a rebound.
1:32 of 3rd period - Nick Suzuki wins face-off versus J.T. Compher in KELOWNA ROCKETS zone.
1:42 of 3rd period - Icing by Nick Suzuki.
1:43 of 3rd period - J.T. Compher wins face-off versus Jake DeBrusk in NORTH DAKOTA HAWKS zone.
1:58 of 3rd period - Shot by Reyley Smith.
1:58 of 3rd period - Shot Misses the Net.
2:00 of 3rd period - Shot by Nick Suzuki.
2:00 of 3rd period - Stopped by Alex Stalock without a rebound.
2:01 of 3rd period - J.T. Compher wins face-off versus Frederick Gaudreau in KELOWNA ROCKETS zone.
2:14 of 3rd period - Shot by Jason Robertson.
2:14 of 3rd period - Goal by Jason Robertson - KELOWNA ROCKETS : 2 - NORTH DAKOTA HAWKS : 3.
2:15 of 3rd period - Nick Suzuki wins face-off versus Derek Ryan in neutral zone.
2:20 of 3rd period - Icing by Mark Giordano.
2:21 of 3rd period - Derek Ryan wins face-off versus Jack Hughes in KELOWNA ROCKETS zone.
2:21 of 3rd period - Derek Ryan is hit by Ryan Hartman.
2:31 of 3rd period - Minor Penalty to Erik Johnson for Hooking.
2:32 of 3rd period - Auston Matthews wins face-off versus Nico Sturm in NORTH DAKOTA HAWKS zone.
2:33 of 3rd period - Shot by Adam Fox.
2:33 of 3rd period - Goal by Adam Fox - KELOWNA ROCKETS : 3 - NORTH DAKOTA HAWKS : 3.
2:34 of 3rd period - Jack Hughes wins face-off versus J.T. Compher in neutral zone.
3:13 of 3rd period - Off-side.
3:14 of 3rd period - Frederick Gaudreau wins face-off versus Auston Matthews in neutral zone.
3:30 of 3rd period - Jonas Siegenthaler is hit by Auston Matthews and loses puck.
3:48 of 3rd period - Icing by Mathew Dumba.
3:49 of 3rd period - Frederick Gaudreau wins face-off versus Derek Ryan in NORTH DAKOTA HAWKS zone.
4:15 of 3rd period - Nick Suzuki is hit by Parker Kelly and loses puck.
4:38 of 3rd period - Shot by Nick Suzuki.
4:38 of 3rd period - Stopped by Alex Stalock with a rebound.
4:40 of 3rd period - Shot by Ryan Lindgren.
4:40 of 3rd period - Stopped by Alex Stalock with a rebound.
4:42 of 3rd period - Shot by Nick Suzuki.
4:42 of 3rd period - Stopped by Alex Stalock without a rebound.
4:43 of 3rd period - Jack Hughes wins face-off versus J.T. Compher in KELOWNA ROCKETS zone.
4:56 of 3rd period - Shot by Jason Robertson.
4:56 of 3rd period - Shot Misses the Net.
5:16 of 3rd period - Shot by Vladimir Tarasenko.
5:16 of 3rd period - Shot Misses the Net.
5:29 of 3rd period - Vladimir Tarasenko is hit by Nick Blankenburg and loses puck.
6:17 of 3rd period - Shot by Pavel Buchnevich.
6:17 of 3rd period - Shot Misses the Net.
6:53 of 3rd period - Shot by Jake DeBrusk.
6:53 of 3rd period - Stopped by Alex Stalock without a rebound.
6:54 of 3rd period - Frederick Gaudreau wins face-off versus Derek Ryan in KELOWNA ROCKETS zone.
6:56 of 3rd period - Minor Penalty to Dmitri Orlov for Slashing.
6:57 of 3rd period - Nick Suzuki wins face-off versus J.T. Compher in KELOWNA ROCKETS zone.
7:04 of 3rd period - Shot by Nick Suzuki.
7:04 of 3rd period - Shot Blocked by Valeri Nichushkin.
7:11 of 3rd period - Icing by Reyley Smith.
7:12 of 3rd period - J.T. Compher wins face-off versus Reyley Smith in NORTH DAKOTA HAWKS zone.
8:06 of 3rd period - Icing by Ryan Lindgren.
8:07 of 3rd period - J.T. Compher wins face-off versus Frederick Gaudreau in NORTH DAKOTA HAWKS zone.
8:24 of 3rd period - Shot by Jason Robertson.
8:24 of 3rd period - Stopped by Alex Stalock without a rebound.
8:25 of 3rd period - J.T. Compher wins face-off versus Nick Suzuki in KELOWNA ROCKETS zone.
8:25 of 3rd period - J.T. Compher is hit by Reyley Smith.
8:50 of 3rd period - Shot by Reyley Smith.
8:50 of 3rd period - Stopped by Alex Stalock without a rebound.
8:50 of 3rd period - Alex Stalock from KELOWNA ROCKETS is injured at 8:50 of 3rd period (Sprained Left Knee).
8:50 of 3rd period - Craig Anderson enters game.
8:51 of 3rd period - Frederick Gaudreau wins face-off versus Vladimir Tarasenko in KELOWNA ROCKETS zone.
8:56 of 3rd period - Shot by Jason Robertson.
8:56 of 3rd period - Stopped by Craig Anderson without a rebound.
8:57 of 3rd period - Nico Sturm wins face-off versus Derek Ryan in KELOWNA ROCKETS zone.
9:03 of 3rd period - Icing by Adam Fox.
9:04 of 3rd period - Derek Ryan wins face-off versus Nico Sturm in KELOWNA ROCKETS zone.
9:04 of 3rd period - Derek Ryan is hit by Nathan Walker.
9:17 of 3rd period - Icing by Erik Johnson.
9:18 of 3rd period - J.T. Compher wins face-off versus Nico Sturm in NORTH DAKOTA HAWKS zone.
9:26 of 3rd period - Shot by Mark Giordano.
9:26 of 3rd period - Shot Hit the Post.
9:28 of 3rd period - Shot by Anthony DeAngelo.
9:28 of 3rd period - Shot Misses the Net.
9:30 of 3rd period - Shot by J.T. Compher.
9:30 of 3rd period - Stopped by Scott Wedgewood without a rebound.
9:31 of 3rd period - Auston Matthews wins face-off versus Nick Suzuki in NORTH DAKOTA HAWKS zone.
10:10 of 3rd period - Icing by Jonas Siegenthaler.
10:11 of 3rd period - Nick Suzuki wins face-off versus J.T. Compher in NORTH DAKOTA HAWKS zone.
10:24 of 3rd period - Shot by Nick Suzuki.
10:24 of 3rd period - Shot Misses the Net.
10:26 of 3rd period - Shot by Jonas Siegenthaler.
10:26 of 3rd period - Shot Blocked by Mark Giordano.
10:52 of 3rd period - Icing by Anthony DeAngelo.
10:53 of 3rd period - J.T. Compher wins face-off versus Emil Bemstrom in KELOWNA ROCKETS zone.
14:59 of 3rd period - Shot by Jack Hughes.
14:59 of 3rd period - Shot Blocked by Derek Ryan.
15:25 of 3rd period - Shot by Jason Robertson.
15:25 of 3rd period - Shot Blocked by Kyle Burroughs.
15:27 of 3rd period - Shot by Jack Hughes.
15:27 of 3rd period - Stopped by Craig Anderson without a rebound.
15:28 of 3rd period - J.T. Compher wins face-off versus Nick Suzuki in KELOWNA ROCKETS zone.
15:28 of 3rd period - J.T. Compher is hit by Jake DeBrusk.
15:39 of 3rd period - Shot by J.T. Compher.
15:39 of 3rd period - Shot Misses the Net.
15:47 of 3rd period - Shot by J.T. Compher.
15:47 of 3rd period - Goal by J.T. Compher - KELOWNA ROCKETS : 4 - NORTH DAKOTA HAWKS : 3.
15:48 of 3rd period - Frederick Gaudreau wins face-off versus Auston Matthews in neutral zone.
16:03 of 3rd period - Shot by Frederick Gaudreau.
16:03 of 3rd period - Stopped by Craig Anderson without a rebound.
16:04 of 3rd period - J.T. Compher wins face-off versus Nick Suzuki in KELOWNA ROCKETS zone.
16:04 of 3rd period - J.T. Compher is hit by Reyley Smith.
16:17 of 3rd period - J.T. Compher is hit by Ryan Lindgren and loses puck.
17:34 of 3rd period - Shot by Auston Matthews.
17:34 of 3rd period - Shot Misses the Net.
17:36 of 3rd period - Shot by Auston Matthews.
17:36 of 3rd period - Stopped by Scott Wedgewood without a rebound.
17:37 of 3rd period - Auston Matthews wins face-off versus Jack Hughes in NORTH DAKOTA HAWKS zone.
17:45 of 3rd period - Minor Penalty to Nick Blankenburg for Roughing.
17:46 of 3rd period - Auston Matthews wins face-off versus Nico Sturm in NORTH DAKOTA HAWKS zone.
17:57 of 3rd period - Shot by Pavel Buchnevich.
17:57 of 3rd period - Stopped by Scott Wedgewood without a rebound.
17:58 of 3rd period - Nico Sturm wins face-off versus Auston Matthews in NORTH DAKOTA HAWKS zone.
18:55 of 3rd period - Shot by Valeri Nichushkin.
18:55 of 3rd period - Stopped by Scott Wedgewood without a rebound.
18:56 of 3rd period - Dillon Dube wins face-off versus Auston Matthews in NORTH DAKOTA HAWKS zone.
19:34 of 3rd period - Off-side.
19:35 of 3rd period - J.T. Compher wins face-off versus Frederick Gaudreau in neutral zone.
19:45 of 3rd period - NORTH DAKOTA HAWKS, Scott Wedgewood is pulled from the net.
19:49 of 3rd period - Shot by Nick Suzuki.
19:49 of 3rd period - Shot Misses the Net.
Goals for this period are 2 for KELOWNA ROCKETS vs 1 for NORTH DAKOTA HAWKS.
Shots for this period are 7 for KELOWNA ROCKETS vs 15 for NORTH DAKOTA HAWKS.


BLAKE
WHEELER
STEVEN
STAMKOS
DREW
DOUGHTY

EAST COAST

HOCKEY LEAGUE

  • 63.RHI2PIT5
  • 64.WOR4ATL3
  • 65.QUECHW
  • 66.CHATRV